 Dungeon Crawl Stone Soup version 0.28-a0-769-g550dbda0cd (webtiles) character file.

Game seed: 4886833497575842001

121 timneilson the Shield-Bearer (level 5, -2/33 HPs)
             Began as a Gargoyle Fighter on Oct 31, 2021.
             Splashed by a jelly's acid (8 damage)
             ... on level 4 of the Dungeon.
             The game lasted 00:05:46 (3006 turns).

timneilson the Shield-Bearer (Gargoyle Fighter)     Turns: 3006, Time: 00:05:48

Health: -2/33      AC:  2    Str: 21    XL:     5   Next: 5%
Magic:  5/5        EV: 10    Int:  8    God:
Gold:   172        SH:  4    Dex:  9    Spells: 4/4 levels left

rFire   . . .      SeeInvis .   a - +1 long sword
rCold   . . .      Faith    .   c - +0 buckler
rNeg    + . .      Spirit   .   b - +0 scale mail
rPois   ∞          Reflect  .   (no helmet)
rElec   +          Harm     .   (no cloak)
rCorr   .          Rampage  .   e - +1 pair of gloves
Will    .....                   g - +0 pair of boots
Stlth   ..........              (no amulet)
HPRegen 0.11/turn               (no ring)
MPRegen 0.09/turn               (no ring)

@: corroded
A: sickness immunity, AC +4, negative energy resistance 1, electricity
resistance, torment resistance 1, petrification resistance
a: no special abilities


You were on level 4 of the Dungeon.
You visited 1 branch of the dungeon, and saw 4 of its levels.
You also visited: Sewer.

You collected 172 gold pieces.

Inventory:

Hand Weapons
 a - a +1 long sword (weapon)
Armour
 b - a +0 scale mail (worn)
 c - a +0 buckler (worn)
 e - a +1 pair of gloves (worn)
 g - a +0 pair of boots (worn)
Scrolls
 f - 2 scrolls of enchant weapon
 h - a scroll of amnesia
Potions
 d - a potion of might
 i - a potion of brilliance {unknown}
 j - 3 potions of haste
 k - a potion of curing {unknown}
 l - 2 potions of magic
 m - a potion of mutation {unknown}
 n - a potion of cancellation {unknown}
 o - 3 potions of heal wounds {unknown}


   Skills:
 + Level 3.7 Fighting
 * Level 2.6 Long Blades
 * Level 4.2 Armour
 + Level 0.8 Dodging
 * Level 4.2 Shields


You had 4 spell levels left.
You didn't know any spells.
Your spell library was empty.

Dungeon Overview and Level Annotations

Branches:
Dungeon (4/15)              Sewer (visited)
 Temple: D:4-7

Altars:

Shops:
D:3 !


Innate Abilities, Weirdness & Mutations

You are immune to sickness and miasma.
Your stone body is resilient. (AC +4)
You are immune to poison.
You resist negative energy. (rN+)
You are resistant to electric shocks. (rElec)
You are resistant to unholy torment.
You are immune to petrification.


Message History

There is a stone staircase leading down here.
Search for what [? for help]? armor You climb downwards.
Found a bubbling green potion.
There is a stone staircase leading up here.
Found a stone staircase leading down.
A hobgoblin comes into view.
Found 8 gold pieces.
The hobgoblin shouts!
You see here a bubbling green potion.
o - 3 bubbling green potions (gained 1)
You closely miss the hobgoblin. The hobgoblin barely misses you.
You slash the hobgoblin!
You kill the hobgoblin!
You now have 172 gold pieces (gained 8).
There is a stone staircase leading down here.
You open the door.
There is an open door here.
You open the door.
A jelly comes into view.
The jelly quivers.
There is an open door here.
The jelly hits you but does no damage.
You completely miss the jelly. The jelly hits you. The acid corrodes you!
You are splashed with acid!
You hit the jelly but do no damage. The acid corrodes you!
Your hands burn!
The jelly barely misses you. The jelly hits you but does no damage.
You slash the jelly!
Your hands burn!
The jelly is heavily wounded.
The jelly misses you.
You hit the jelly.
Your hands burn!
The jelly is severely wounded.
The jelly hits you but does no damage.
You hit the jelly but do no damage. The acid corrodes you!
Your hands burn!
* * * LOW HITPOINT WARNING * * *
The jelly is severely wounded.
The jelly hits you.
* * * LOW HITPOINT WARNING * * *
You are splashed with acid!
You die...

.# ######.
##.....##
.......#
##+##......#
##..##......#
#......J....#
#......@....#
##..###'#####
#..##.....##
#..........#
#..........#
##'###########
###..###.......#
#.............##
#.............#


You could see a jelly.

Vanquished Creatures
  2 adders
  14 ball pythons
  3 endoplasms
  3 giant cockroaches
  6 goblins
  7 hobgoblins
  15 jackals
  A quokka (D:3)
  12 bats
  9 frilled lizards
  14 kobolds
  6 rats
92 creatures vanquished.

Vanquished Creatures (others)
  10 plants (Sewer)
10 creatures vanquished.

Grand Total: 102 creatures vanquished

Notes
Turn   | Place    | Note
-------+----------+-------------------------------------------
     0 | D:1      | timneilson the Gargoyle Fighter began the quest for the
                  | Orb.
     0 | D:1      | Reached XP level 1. HP: 14/14 MP: 1/1
   232 | D:1      | Reached XP level 2. HP: 19/19 MP: 2/2
   723 | D:1      | Reached XP level 3. HP: 23/23 MP: 3/3
  1367 | D:2      | Reached XP level 4. HP: 25/28 MP: 4/4
  1878 | D:3      | Found a glowing drain.
  1907 | Sewer    | Entered a sewer
  2743 | D:3      | Found a faded altar of an unknown god.
  2749 | D:3      | Reached XP level 5. HP: 33/33 MP: 5/5
  2770 | D:3      | Found Saamoa's Distillery.
  3006 | D:4      | Splashed by a jelly's acid

Illustrated notes

Levels and vault maps discovered:
D:1:      elethiomel_arrival_quiet, layout_loops_corners, minmay_tetromino_i2
D:2:      layout_rooms
D:3:      layout_rooms, shapermc_ecumenical_altar_pompeii,
          cheibrodos_sewer_entry_drain, serial_shops, shop
D:4:      lemuel_castle_with_subvaults [lemuel_castle_interior_carwin_1],
          layout_gridville, old_standard_altar,
          minmay_temple_entry_from_below_a, uniq_menkaure

Skill      XL: |  1  2  3  4 |
---------------+-------------+-----
Long Blades    | 2 |  2.6
Shields        | 4 |  4.2
Armour         | 4 |  4.2
Fighting       | |  3.7
Dodging        | |  0.8

Action                   |  1- 3 |  4- 6 || total
-------------------------+-------+-------++-------
Melee: Long sword        |   122 |   172 ||   294
  Use: Scroll            |     4 |     2 ||     6
Armor: Scale mail        |    69 |    98 ||   167
Dodge: Dodged            |    69 |    96 ||   165
Block: Buckler           |    29 |    34 ||    63

Table legend: (Time is in decaauts)
 A = Elapsed time spent in this place.
 B = Non-inter-level travel time spent in this place.
 C = Inter-level travel time spent in this place.
 D = Time resting spent in this place.
 E = Time spent auto-exploring this place.
 F = Levels seen in this place.
 G = Mean time per level.
                   A        B        C        D        E       F      G
               +--------+--------+--------+--------+--------+-----+--------+
         Total |   3263 |   3205 |     58 |      0 |   2277 |   5 |  652.6 |
       Dungeon |   2309 |   2251 |     58 |      0 |   1650 |   4 |  577.2 |
         Sewer |    954 |    954 |      0 |      0 |    627 |   1 |  954.0 |
               +--------+--------+--------+--------+--------+-----+--------+

Top non-repeatable levels by time:
     D:1: 1119 daAuts
   Sewer: 954 daAuts
     D:2: 693 daAuts
     D:3: 447 daAuts
     D:4: 49 daAuts
